Map: Lerilak Crest

Players

SortOf

  • Race: Zerg Zerg
  • League: Grandmaster

Elazer - Winner!

  • Race: Zerg Zerg
  • League: Grandmaster

Event: NationWars III

VOD

Have the link to the VOD?

Description

Time

  • Played on: Dec. 5, 2015, 12:05 p.m.
  • Length: 7:20

All games in this series

Show
View Real Time Build Order
Export as new Build Order

SortOf Zerg 

Build Orders: Pool First 

Get SALT Encoding   

  12  0:00  Drone  
  13  0:09  Drone  
  13  0:14  Extractor  
  13  0:15  Drone  
  14  0:31  Spawning Pool  
  13  0:36  Drone  
  14  0:45  Drone, Extractor  
  15  0:52  Overlord  
  15  1:18  Zergling x2  
  15  1:19  Zergling x4, Queen  
  15  1:25  Metabolic Boost  
  20  1:32  Zergling x2  
  21  1:45  Overlord  
  21  1:57  Zergling x2  
  22  2:05  Hatchery  
  22  2:08  Zergling x2  
  21  2:15  Zergling x2  
  22  2:27  Zergling x2  
  22  2:32  Queen  
  22  2:37  Zergling x2  
  24  2:45  Zergling x2  
  24  2:49  Zergling x6  
  28  2:58  Baneling Nest  
  26  2:59  Zergling x2  
  21  3:15  Zergling x2  
  21  3:17  Zergling x4  
  24  3:34  Zergling x8  
  23  3:46  Zergling x4  
  23  3:48  Zergling x2  
  23  3:51  Baneling  
  23  3:52  Baneling  
  24  4:02  Zergling x4  
  21  4:04  Zergling x2  
  17  4:13  Zergling x2  
  17  4:16  Zergling x2  
  18  4:20  Zergling x2  
  18  4:23  Baneling  
  19  4:25  Baneling  
  19  4:29  Zergling x2  
  20  4:35  Zergling x2  
  21  4:45  Baneling x3  
  21  4:51  Zergling x2  
  18  4:56  Zergling x2  
  18  4:57  Zergling x2  
  17  5:03  Zergling x2  
  16  5:08  Zergling x2  
  16  5:12  Zergling x2  
  18  5:17  Zergling x2  
  18  5:20  Zergling x2  
  20  5:25  Zergling x2  
  18  5:38  Zergling x4  
  19  5:44  Zergling x2  
  19  5:45  Zergling x2  
  21  5:51  Zergling x2  
  20  6:00  Zergling x2  
  20  6:01  Zergling x2  
  19  6:10  Drone x2  
  18  6:20  Drone  
  18  6:21  Drone  
  19  6:27  Zergling x2  
  19  6:32  Zergling x2  
  20  6:44  Zergling x4  
  20  6:49  Zergling x4  
  19  6:56  Zergling x2  
Show
View Real Time Build Order
Export as new Build Order

Elazer Zerg - Winner!

Build Orders: Pool First, Zergling Baneling 

Get SALT Encoding   

  12  0:00  Drone  
  13  0:24  Spawning Pool  
  13  0:25  Drone  
  13  0:30  Extractor  
  13  0:31  Drone  
  13  0:35  Drone  
  14  0:49  Overlord  
  14  1:10  Queen, Zergling x6  
  19  1:22  Zergling x2  
  20  1:31  Metabolic Boost  
  20  1:33  Zergling x2  
  21  1:43  Overlord  
  21  1:59  Zergling x2  
  22  2:12  Zergling x2  
  23  2:16  Drone  
  23  2:19  Baneling Nest  
  22  2:24  Zergling x4  
  22  2:26  Zergling x2  
  25  2:41  Zergling x2  
  26  2:49  Zergling x2  
  26  2:55  Hatchery  
  26  2:56  Zergling x2  
  25  3:06  Zergling x2  
  25  3:08  Zergling x2  
  25  3:09  Zergling x2  
  25  3:11  Baneling  
  26  3:15  Zergling x2  
  26  3:18  Baneling  
  27  3:20  Zergling x2  
  27  3:33  Zergling x2  
  26  3:38  Baneling  
  25  3:46  Zergling x6  
  26  3:53  Baneling  
  25  4:04  Zergling x2  
  21  4:14  Zergling x10  
  24  4:20  Zergling x2  
  24  4:23  Baneling x2  
  25  4:26  Zergling x2  
  25  4:29  Baneling x2  
  26  4:34  Zergling x2  
  26  4:36  Zergling x2  
  27  4:51  Zergling x6  
  28  4:58  Drone x2  
  24  5:01  Zergling x2  
  23  5:11  Zergling x2  
  23  5:12  Zergling x2  
  24  5:15  Baneling  
  24  5:18  Zergling x2  
  25  5:24  Zergling x2  
  23  5:37  Zergling x8  
  26  5:43  Baneling  
  26  5:46  Zergling x4  
  28  5:56  Zergling x4  
  26  6:03  Zergling x4  
  27  6:12  Drone  
  27  6:13  Drone  
  27  6:15  Drone  
  29  6:20  Overlord  
  29  6:23  Drone  
  30  6:25  Baneling  
  30  6:35  Baneling  
  30  6:38  Zergling x4  
  32  6:45  Zergling x2  
  32  6:46  Zergling x4  
  35  6:53  Baneling  
  35  7:00  Zergling x4  
  37  7:03  Zergling x8  
Tags
 
Add a new tag
Caveats
  • Supply blocks, unpowered buildings, or Contaminate may cause inaccurate times.
  • Supply counts are checked every 10 seconds.